 Dungeon Crawl Stone Soup version 0.21.1-1-g345015f (console) character file.

141 fly the Twirler (level 5, -7/41 HPs)
             Began as a Formicid Fighter on May 3, 2018.
             Mangled by an ogre
             ... wielding a +0 giant club
              (30 damage)
             ... on level 4 of the Dungeon.
             The game lasted 00:04:15 (2265 turns).

fly the Twirler (Formicid Fighter)                  Turns: 2265, Time: 00:04:16

Health: -7/41      AC:  6    Str: 21    XL:     5   Next: 48%
Magic:  5/5        EV:  7    Int:  8    God:
Gold:   94         SH:  9    Dex: 10    Spells: 4/4 levels left

rFire    . . .     SeeInvis +   a - +1 trident (flame)
rCold    . . .     Gourm    .   v - +0 shield
rNeg     . . .     Faith    .   y - +0 scale mail
rPois    .         Spirit   .   (helmet unavailable)
rElec    .         Reflect  .   (no cloak)
rCorr    .         Harm     .   (no gloves)
MR       .....                  (no boots)
Stlth    ..........             (no amulet)
HPRegen  0.13/turn              (no ring)
MPRegen  0.09/turn              (no ring)

@: no status effects
A: permanent stasis, dig shafts and tunnels, four strong arms, antennae 3
a: Dig, Shaft Self


You were on level 4 of the Dungeon.
You were hungry.

You visited 1 branch of the dungeon, and saw 4 of its levels.

You collected 94 gold pieces.

Inventory:

Hand Weapons
 a - a +1 trident of flaming (weapon)
 b - a +0 quarterstaff
 c - a +1 whip of electrocution
Missiles
 n - 18 sling bullets
Armour
 v - a +0 shield (worn)
 y - a +0 scale mail (worn)
Scrolls
 e - 4 scrolls of immolation {unknown}
 h - a scroll of enchant weapon {unknown}
 i - a scroll of identify {unknown}
 l - a scroll of amnesia {unknown}
 m - a scroll of blinking {unknown}
 p - a scroll of remove curse {unknown}
 s - a scroll of teleportation {unknown}
Potions
 d - a potion of might
 g - 4 potions of lignification {unknown}
 j - a potion of ambrosia {unknown}
 k - a potion of flight {unknown}
 o - 2 potions of curing {unknown}
 q - a potion of mutation {unknown}
 r - a potion of resistance {unknown}
Comestibles
 f - 10 rations


   Skills:
 - Level 3.2 Fighting
 + Level 5.3 Staves
 - Level 3.2 Armour
 - Level 3.6 Shields


You had 4 spell levels left.
You didn't know any spells.

Dungeon Overview and Level Annotations

Branches:
Dungeon (4/15)             Temple (0/1) D:4

Altars:
Gozag


Innate Abilities, Weirdness & Mutations

You cannot be hasted, slowed, berserked, paralysed or teleported.
You can dig through walls and to a lower floor.
Your four strong arms can wield two-handed weapons with a shield.
You have a pair of large antennae on your head. (SInv)


Message History

The ogre barely misses you.
Attack whom?
Press: ? - help, Dir - move target cursor, f/p - ogre
Aim: an ogre, wielding a giant club You reach to attack!
You hit the ogre but do no damage. You block the ogre's attack.
Attack whom?
Press: ? - help, Dir - move target cursor, f/p - ogre
Aim: an ogre, wielding a giant club You reach to attack!
You hit the ogre. You burn the ogre.
The ogre is moderately wounded.
You puncture the ogre! You burn the ogre.
The ogre is severely wounded.
The ogre hits you with a giant club.
Unknown command.
You completely miss the ogre.
The ogre is severely wounded.
The ogre hits you with a giant club!!
Ouch! That really hurt!
You die...

#.....#.#
##############..⌠$.#.#
#.......#...l....%...#
#.......#.####⌠.>)⌠..#
##.####..#.............
#...#.........#..⌠...#
#.#...#..#.##........#
#...<....#.####...####
##.####.##.O@.....# #.
..#########.# # #### .#
. .. #. .#


You could see an ogre.

Vanquished Creatures
  Robin (D:2)
  A gnoll (D:3)
  2 adders
  An ooze (D:1)
  2 worms (D:3)
  2 dart slugs
  2 leopard geckos
  4 orcs (D:3)
  3 ball pythons
  4 bats
  4 giant cockroaches
  11 goblins
  9 hobgoblins
  6 jackals (D:1)
  13 kobolds
  A quokka (D:3)
  A frilled lizard (D:3)
  12 rats
79 creatures vanquished.

Notes
Turn   | Place    | Note
-------+----------+-------------------------------------------
     0 | D:1      | fly the Formicid Fighter began the quest for the Orb.
     0 | D:1      | Reached XP level 1. HP: 18/18 MP: 1/1
    37 | D:1      | Reached XP level 2. HP: 20/24 MP: 2/2
   103 | D:1      | Reached skill level 3 in Staves
   123 | D:1      | Reached XP level 3. HP: 22/29 MP: 3/3
   824 | D:2      | Reached skill level 4 in Staves
   824 | D:2      | Reached XP level 4. HP: 35/35 MP: 4/4
   826 | D:2      | Noticed Robin
   836 | D:2      | Killed Robin
  1474 | D:3      | Reached XP level 5. HP: 41/41 MP: 5/5
  1685 | D:3      | Reached skill level 5 in Staves
  2168 | D:3      | Found an opulent altar of Gozag.
  2230 | D:4      | Found a staircase to the Ecumenical Temple.
  2232 | D:4      | Noticed an ogre
  2265 | D:4      | Mangled by an ogre

Skill      XL: |  1  2  3  4  5 |
---------------+----------------+-----
Staves         | 3 4 5 |  5.3
Fighting       | |  3.2
Armour         | |  3.2
Shields        | |  3.6

Action                   |  1- 3 |  4- 6 || total
-------------------------+-------+-------++-------
Melee: Quarterstaff      |    88 |    15 ||   103
       Trident           |       |   115 ||   115
  Eat: Chunk             |       |     4 ||     4
Armor: Scale mail        |    30 |    31 ||    61
Dodge: Dodged            |    24 |    35 ||    59
Block: Shield            |    33 |    59 ||    92
